[Event "November 21 Late 2023"]
[Site "https://www.chess.com"]
[Date "2023.11.21"]
[Round "8"]
[White "Annaberdiyev, Meylis"]
[Black "Tactrics"]
[Result "1-0"]
[Board "19"]
[TimeControl "180+1"]
[WhiteFideId "14000563"]
[WhiteElo "2405"]
[BlackElo "2907"]
[WhiteTeam "TKM"]
[WhiteClock "0:00:11"]
[BlackClock "0:00:02"]

1. e4 e6 2. d4 d5 3. e5 c5 4. Nf3 Qb6 5. Bd3 Bd7 6. O-O Bb5 7. Bxb5+ Qxb5 8. Na3 Qd7 9. c4 Nc6 10. cxd5 Qxd5 11. Nb5 Qd7 12. d5 exd5 13. Qxd5 Qxd5 14. Nc7+ Kd7 15. Nxd5 Nge7 16. Nf4 Ng6 17. Rd1+ Ke8 18. Nd5 Rc8 19. Bf4 Nb4 20. Bg3 Nxd5 21. Rxd5 Rd8 22. Rxd8+ Kxd8 23. h4 h6 24. h5 Ne7 25. e6 fxe6 26. Re1 Nf5 27. Ne5 Rg8 28. Rd1+ Ke8 29. Rd7 Bd6 30. Rxb7 Nxg3 31. Nc4 Nf5 32. g4 g6 33. Kf1 Bf4 34. gxf5 gxf5 35. Rxa7 Rg5 36. a4 Rxh5 37. a5 Rh1+ 38. Ke2 Ra1 39. a6 h5 40. Na3 Be5 41. Ra8+ Kf7 42. a7 Bxb2 43. Rf8+ Kg6 44. a8=Q Rxa3 45. Qg2+ Kh6 46. Qg8 Bd4 47. Qxe6+ Kg5 48. Rxf5+ Kh4 49. Qe4+ Kh3 50. Rf3+ Kg2 51. Rxa3+ Kh2 52. Rg3 Bxf2 53. Qg2# 1-0

[Event "November 21 Late 2023"]
[Site "https://www.chess.com"]
[Date "2023.11.21"]
[Round "8"]
[White "Sjugirov, Sanan"]
[Black "OPQRC"]
[Result "1-0"]
[Board "20"]
[TimeControl "180+1"]
[WhiteFideId "4189302"]
[WhiteElo "2569"]
[BlackElo "2644"]
[WhiteTeam "HUN"]
[WhiteClock "0:00:58"]
[BlackClock "0:00:24"]

1. d4 Nf6 2. c4 g6 3. Nc3 Bg7 4. e4 d6 5. Nf3 O-O 6. Be2 Nbd7 7. h3 e5 8. d5 Nc5 9. Qc2 a5 10. g4 c6 11. Be3 cxd5 12. cxd5 Rb8 13. Bxc5 dxc5 14. Bb5 Nxe4 15. Nxe4 f5 16. gxf5 gxf5 17. Ng3 e4 18. Nh5 exf3 19. Rg1 Rf7 20. O-O-O Bd7 21. Bxd7 Rxd7 22. Qxf5 Kh8 23. Nxg7 1-0

[Event "November 21 Late 2023"]
[Site "https://www.chess.com"]
[Date "2023.11.21"]
[Round "8"]
[White "Olsen, Filip Boe"]
[Black "Rustemov, Alexander"]
[Result "0-1"]
[Board "21"]
[TimeControl "180+1"]
[WhiteFideId "1440640"]
[BlackFideId "4119002"]
[WhiteElo "2322"]
[BlackElo "2862"]
[WhiteTeam "DEN"]
[BlackTeam "RUS"]
[WhiteClock "0:00:00"]
[BlackClock "0:00:08"]

1. d4 d5 2. Nf3 Nf6 3. Bf4 c5 4. e3 Nc6 5. c3 Bg4 6. Nbd2 e6 7. Qb3 Qc8 8. Ne5 Nxe5 9. Bxe5 Nd7 10. Bg3 c4 11. Qc2 Be7 12. e4 O-O 13. f3 Bh5 14. Be2 b5 15. O-O Bg6 16. Rae1 Qc6 17. Bd1 a5 18. f4 dxe4 19. Nxe4 Nf6 20. Bf3 Qd7 21. Qe2 Rac8 22. Nxf6+ Bxf6 23. a3 b4 24. axb4 Bd3 25. Qf2 Bxf1 26. Rxf1 axb4 27. Bh4 Bxh4 28. Qxh4 Qd8 29. Qh5 Qf6 30. Be4 g6 31. Qb5 bxc3 32. bxc3 h5 33. h3 h4 34. f5 exf5 35. Bxf5 Rb8 36. Qc5 Qb6 37. Qxc4 Kg7 38. Bg4 f5 39. Bf3 Qb3 40. Qc7+ Qf7 41. Qf4 Qf6 42. Ra1 Rf7 43. Qxb8 Qg5 44. Qe5+ Kh7 45. Ra8 Qc1+ 46. Kh2 Rg7 47. Bd5 Qxc3 48. Bg8+ Kh6 49. Qf4+ g5 50. Qd6+ Rg6 51. Qf8+ Kh5 52. Qb8 f4 53. Qb3 Qg3+ 54. Qxg3 hxg3+ 55. Kg1 Rb6 56. Kf1 Rb1+ 57. Ke2 Rb2+ 58. Kd3 Rxg2 59. Ra6 g4 60. Bf7+ Kg5 61. Rg6+ Kh4 62. Rxg4+ Kxh3 63. Rxf4 Rg1 64. Be6+ Kh2 65. Rh4+ Kg2 66. Bd5+ Kf2 67. Rg4 Rd1+ 68. Ke4 Rf1 69. Ke5 Re1+ 70. Kd6 Rd1 71. Bc6 Rd2 72. Bh1 Rd1 73. Bc6 Rd2 74. Ke5 Re2+ 75. Kf4 Rd2 76. Kg5 Rd1 77. Kh4 Rg1 78. d5 Rd1 79. Rf4+ Ke3 80. Rg4 Kf2 81. Rg5 g2 82. Rxg2+ Kxg2 83. d6+ Kf2 84. d7 Ke3 85. Kg5 Rd6 86. Kf5 Kd4 87. Ba4 Kc5 88. Ke5 Rd2 89. Ke6 Kb6 90. Ke7 Kc7 91. Bb5 Rd1 92. Kf7 Re1 93. Kf6 Kd8 94. Kf7 Rb1 95. Bc6 Rb6 96. Ba4 Ra6 97. Bb5 Ra5 98. Bc6 Rc5 99. Ba4 Re5 100. Kf6 Re4 101. Bb5 Rd4 102. Bc6 Rd6+ 0-1

[Event "November 21 Late 2023"]
[Site "https://www.chess.com"]
[Date "2023.11.21"]
[Round "8"]
[White "Gimenez Aguirre, Alejo Ismael"]
[Black "Beerdsen, Thomas"]
[Result "0-1"]
[Board "22"]
[TimeControl "180+1"]
[WhiteFideId "32041667"]
[BlackFideId "1030108"]
[WhiteElo "2165"]
[BlackElo "2550"]
[WhiteTeam "ARG"]
[BlackTeam "NED"]
[WhiteClock "0:00:00"]
[BlackClock "0:00:22"]

1. e4 e5 2. Nf3 Nc6 3. Bb5 f5 4. Bxc6 dxc6 5. Nxe5 Qd4 6. Nf3 Qxe4+ 7. Kf1 Nf6 8. Nc3 Qe7 9. d4 Be6 10. Bg5 O-O-O 11. Qe2 h6 12. Re1 hxg5 13. Qxe6+ Qxe6 14. Rxe6 g4 15. Ne5 Rxd4 16. Ng6 Rg8 17. Ke2 Bd6 18. h4 Kd7 19. Re3 f4 20. Rd3 Re8+ 21. Kd2 Rxd3+ 22. cxd3 Ke6 23. h5 Kf5 24. f3 gxf3 25. Nh4+ Kg4 26. Nxf3 Rh8 27. Rh4+ Kf5 28. Nd4+ Ke5 29. Nf3+ Ke6 30. Ne2 Nxh5 31. d4 Kf5 32. Kd3 g6 33. Nc3 Re8 34. Rh3 Re3+ 35. Kd2 Bb4 36. Nh4+ Kg4 37. Nf3 Bd6 38. Rh4+ Kf5 39. Rh3 Nf6 40. Nh4+ Kg4 41. Nf3 g5 42. Rh6 Re6 43. Kd3 Re3+ 44. Kd2 Kf5 45. Rh8 g4 46. Nh4+ Kg5 47. Nd1 Re8 48. Rxe8 Nxe8 49. g3 f3 50. Nxf3+ gxf3 51. Ke3 Kg4 52. Nf2+ Kxg3 53. Ne4+ Kg2 0-1

[Event "November 21 Late 2023"]
[Site "https://www.chess.com"]
[Date "2023.11.21"]
[Round "8"]
[White "Manukyan, Sargis A."]
[Black "Yeletsky, Ivan"]
[Result "1-0"]
[Board "23"]
[TimeControl "180+1"]
[WhiteFideId "13303970"]
[BlackFideId "24180327"]
[WhiteElo "2204"]
[BlackElo "2358"]
[WhiteTeam "ARM"]
[BlackTeam "RUS"]
[WhiteClock "0:00:21"]
[BlackClock "0:00:01"]

1. d4 Nf6 2. c4 e6 3. Nc3 Bb4 4. e3 O-O 5. a3 Bxc3+ 6. bxc3 c5 7. Bd3 Nc6 8. Ne2 b6 9. O-O Ba6 10. e4 Ne8 11. f4 f5 12. exf5 exf5 13. dxc5 bxc5 14. Ng3 g6 15. Be3 d6 16. Re1 Qf6 17. Bxf5 Bxc4 18. Be4 Rc8 19. f5 Ng7 20. Qa4 Ne5 21. Bf4 Bf7 22. Bxe5 dxe5 23. fxg6 hxg6 24. Rf1 Qe7 25. Rab1 Ne6 26. Rb7 Rc7 27. Qxa7 Rxb7 28. Qxb7 Qg5 29. Kh1 Nf4 30. Qc7 Kg7 31. Qxc5 Rh8 32. Kg1 Be6 33. Bf5 Bxf5 34. Qxe5+ Kf7 35. Qxf4 Qxf4 36. Rxf4 Ke6 37. Nxf5 gxf5 38. Rb4 Rc8 39. Rb3 Ra8 40. c4 Ra4 41. Rc3 Kd6 42. c5+ Kc6 43. g3 f4 44. Kg2 fxg3 45. hxg3 Re4 46. Kh3 1-0

[Event "November 21 Late 2023"]
[Site "https://www.chess.com"]
[Date "2023.11.21"]
[Round "8"]
[White "Elgersma, Onno"]
[Black "Vasquez Schroeder, Rodrigo"]
[Result "0-1"]
[Board "24"]
[TimeControl "180+1"]
[WhiteFideId "1053531"]
[BlackFideId "3400042"]
[WhiteElo "2251"]
[BlackElo "2582"]
[WhiteTeam "NED"]
[BlackTeam "CHI"]
[WhiteClock "0:00:00"]
[BlackClock "0:00:05"]

1. g3 c5 2. Bg2 g6 3. c4 Bg7 4. Nf3 Nc6 5. O-O d6 6. Nc3 e6 7. d3 Nge7 8. Bg5 h6 9. Be3 Nf5 10. Bd2 O-O 11. a3 b6 12. Rb1 Bb7 13. b4 Qd7 14. e3 Rac8 15. Qe2 Rfd8 16. Rfc1 Ne5 17. a4 cxb4 18. Rxb4 Nc6 19. Rbb1 Ba8 20. Ne1 Na5 21. Bxa8 Rxa8 22. Qf3 Rac8 23. h4 h5 24. Ne4 Nc6 25. Rb5 d5 26. cxd5 Ne5 27. Qd1 exd5 28. Ng5 Rxc1 29. Bxc1 Nc6 30. Ba3 f6 31. Ngf3 Kh7 32. Ng2 Ne5 33. Nf4 Qc6 34. Nd4 Nxd4 35. exd4 Ng4 36. Qf3 Qc3 37. Be7 Qe1+ 38. Kg2 Qxe7 39. Nxd5 Qd7 40. Nf4 Re8 41. Rd5 Qxa4 42. Nxh5 gxh5 43. Rxh5+ Nh6 44. Qf5+ Kg8 45. Qg6 Qc6+ 46. d5 Qd7 47. Rxh6 Qxd5+ 0-1

[Event "November 21 Late 2023"]
[Site "https://www.chess.com"]
[Date "2023.11.21"]
[Round "8"]
[White "Khamrakulov, Djurabek"]
[Black "Tologon tegin, Semetei"]
[Result "1/2-1/2"]
[Board "25"]
[TimeControl "180+1"]
[WhiteFideId "14201143"]
[BlackFideId "13800574"]
[WhiteElo "2535"]
[BlackElo "2258"]
[WhiteTeam "UZB"]
[BlackTeam "KGZ"]
[WhiteClock "0:00:22"]
[BlackClock "0:00:21"]

1. e4 e5 2. Nf3 Nc6 3. Bb5 a6 4. Ba4 Nf6 5. O-O Be7 6. Re1 b5 7. Bb3 O-O 8. c3 d6 9. d4 Bg4 10. Be3 Rb8 11. Nbd2 h6 12. h3 Bh5 13. a3 exd4 14. cxd4 d5 15. e5 Ne4 16. Qc1 Na5 17. Bc2 Bg6 18. Nxe4 Bxe4 19. Bxe4 dxe4 20. Nd2 f5 21. exf6 Bxf6 22. Qc3 c5 23. Qxc5 Rc8 24. Qf5 Bxd4 25. Qe6+ Kh8 26. Nxe4 Re8 27. Qg6 Rc6 28. Qg4 Bxb2 29. Rad1 Qe7 30. Bd2 Nc4 31. Bb4 Qf7 32. Rd7 Qg6 33. Qh4 Bxa3 34. Bxa3 Nxa3 35. Re3 Nc4 36. Rg3 Qxe4 37. Rgxg7 Qxh4 38. Rh7+ Kg8 39. Rdg7+ Kf8 40. Rf7+ Kg8 41. Rfg7+ Kf8 42. Rf7+ Kg8 43. Rfg7+ 1/2-1/2

[Event "November 21 Late 2023"]
[Site "https://www.chess.com"]
[Date "2023.11.21"]
[Round "8"]
[White "Van Dael, Siem"]
[Black "Xu, Yi"]
[Result "0-1"]
[Board "26"]
[TimeControl "180+1"]
[WhiteFideId "1049771"]
[BlackFideId "8605564"]
[WhiteElo "2252"]
[BlackElo "2460"]
[WhiteTeam "NED"]
[BlackTeam "CHN"]
[WhiteClock "0:00:00"]
[BlackClock "0:00:26"]

1. e4 c5 2. Nf3 Nc6 3. d4 cxd4 4. Nxd4 Nf6 5. Nc3 e6 6. Ndb5 Bc5 7. Bf4 O-O 8. Bc7 Qe7 9. Bd6 Bxd6 10. Qxd6 Qd8 11. O-O-O a6 12. Nd4 Ne7 13. Qg3 b5 14. e5 Nfd5 15. Nxd5 Nxd5 16. Nf5 exf5 17. Rxd5 Bb7 18. Rd4 Qa5 19. a3 Qe1+ 20. Rd1 Qe4 21. Bd3 Qxg2 22. Qxg2 Bxg2 23. Rhg1 Bf3 24. Rd2 Rfe8 25. Bxf5 Rxe5 26. Bxd7 g6 27. b3 Rd8 28. Rg3 Re1+ 29. Kb2 Bc6 30. Rgd3 Rxd7 31. Rxd7 Bxd7 32. Rxd7 Rh1 33. Ra7 Rxh2 34. Rxa6 Rxf2 35. Rb6 h5 36. Rxb5 h4 37. Rd5 h3 38. Rd1 h2 39. a4 g5 40. a5 g4 41. b4 g3 42. a6 Re2 43. a7 Re8 44. b5 g2 0-1

[Event "November 21 Late 2023"]
[Site "https://www.chess.com"]
[Date "2023.11.21"]
[Round "8"]
[White "Wagner, Dennis"]
[Black "Lebedev, Artem S."]
[Result "1-0"]
[Board "27"]
[TimeControl "180+1"]
[WhiteFideId "24650684"]
[BlackFideId "34272747"]
[WhiteElo "2482"]
[BlackElo "1952"]
[WhiteTeam "GER"]
[BlackTeam "RUS"]
[WhiteClock "0:01:39"]
[BlackClock "0:00:02"]

1. d4 Nf6 2. c4 c5 3. d5 e6 4. Nc3 exd5 5. cxd5 d6 6. Nf3 g6 7. Bf4 a6 8. a4 Bg7 9. h3 O-O 10. e3 Re8 11. Nd2 Nbd7 12. Be2 Ne5 13. Bh2 g5 14. O-O Nfd7 15. Qc2 Nf8 16. f4 Neg6 17. Nc4 gxf4 18. exf4 f5 19. Bd3 Qf6 20. Nb6 Rb8 21. Nxc8 Rbxc8 22. Bxf5 Rcd8 23. Kh1 c4 24. Rae1 Nh4 25. Bg4 Qd4 26. Be6+ Kh8 27. f5 Bf6 28. Rf4 Qd3 29. Qxd3 cxd3 30. Ne4 Nxe6 31. dxe6 Bxb2 32. Rxh4 d5 33. Ng5 Re7 34. Nf7+ Rxf7 35. exf7 d2 36. Re8+ Kg7 37. f8=Q# 1-0

[Event "November 21 Late 2023"]
[Site "https://www.chess.com"]
[Date "2023.11.21"]
[Round "8"]
[White "Vasquez Vargas, Henry Richard"]
[Black "Sarana, Alexey"]
[Result "0-1"]
[Board "28"]
[TimeControl "180+1"]
[WhiteFideId "3836878"]
[BlackFideId "24133795"]
[WhiteElo "2012"]
[BlackElo "2707"]
[WhiteTeam "PER"]
[BlackTeam "SRB"]
[WhiteClock "0:00:15"]
[BlackClock "0:02:20"]

1. d4 Nf6 2. Nc3 d5 3. Bf4 e6 4. e3 Bd6 5. Nf3 Nc6 6. Bd3 Ne7 7. O-O Ng6 8. Bxd6 Qxd6 9. e4 dxe4 10. Nxe4 Nxe4 11. Bxe4 Bd7 12. c4 Bc6 13. d5 exd5 14. cxd5 Bb5 15. Re1 O-O 16. Nd4 Bd7 17. Rc1 Rfe8 18. Qc2 Rac8 19. Nb3 b6 20. Rcd1 Re5 21. Bxg6 hxg6 22. Rxe5 Qxe5 23. Qc3 Qxc3 24. bxc3 Re8 25. Nd4 Re5 26. c4 Re4 27. f3 Re3 28. Kf2 Ra3 29. Rd2 Kf8 30. Ne2 Ke7 31. Rc2 Kd6 32. Ke1 Kc5 33. Kd2 Bf5 34. Rb2 Kxc4 35. d6 cxd6 36. Ng3 Rd3+ 37. Ke2 Rc3 38. Rd2 d5 0-1

[Event "November 21 Late 2023"]
[Site "https://www.chess.com"]
[Date "2023.11.21"]
[Round "8"]
[White "Pakleza, Zbigniew"]
[Black "Taboas Rodriguez, Daniel"]
[Result "1-0"]
[Board "29"]
[TimeControl "180+1"]
[WhiteFideId "1119290"]
[BlackFideId "2208466"]
[WhiteElo "2410"]
[BlackElo "2365"]
[WhiteTeam "POL"]
[BlackTeam "ESP"]
[WhiteClock "0:00:05"]
[BlackClock "0:00:16"]

1. d4 Nf6 2. Nf3 g6 3. Bf4 Bg7 4. e3 O-O 5. Be2 c5 6. c3 b6 7. O-O Bb7 8. h3 d6 9. a4 Nc6 10. Bh2 Re8 11. Na3 Rc8 12. Nc4 d5 13. Nce5 Nd7 14. Nxc6 Bxc6 15. Ba6 Ra8 16. b4 Nb8 17. Be2 Nd7 18. a5 c4 19. Nd2 b5 20. f4 f5 21. g4 e6 22. Nf3 Nf6 23. Ne5 Qd6 24. gxf5 exf5 25. Bf3 a6 26. Kh1 Ne4 27. Bxe4 dxe4 28. Ra2 Bd5 29. Rg2 Bf6 30. Rfg1 Re7 31. Qe1 Rg7 32. Bg3 Qd8 33. Bf2 Raa7 34. h4 Rac7 35. Kh2 Qe8 36. Qe2 Bf7 37. h5 gxh5 38. Bh4 Bxe5 39. fxe5 Rg4 40. Bf6 Bg6 41. Rxg4 hxg4 42. Kg3 Qe6 43. Qh2 Kf7 44. Qh6 Ke8 45. Rh1 Rf7 46. Qf4 Kd7 47. Qf2 Kc6 48. d5+ Qxd5 49. Kf4 Rd7 50. Kg5 Qg8 51. Kf4 Rd3 52. Qh4 Qd5 53. Be7 Rd2 54. Qf6+ Kd7 55. Bc5 Rf2+ 56. Kg5 Qf7 57. Qd6+ Kc8 58. Qc6+ Kb8 59. Bd6+ Ka7 60. Qb6+ Ka8 61. Qxa6+ Qa7 62. Qc8+ Qb8 63. Qxb8# 1-0

[Event "November 21 Late 2023"]
[Site "https://www.chess.com"]
[Date "2023.11.21"]
[Round "8"]
[White "Troff, Kayden"]
[Black "Poltorak, Sebastian"]
[Result "1-0"]
[Board "30"]
[TimeControl "180+1"]
[WhiteFideId "2047896"]
[BlackFideId "1199498"]
[WhiteElo "2544"]
[BlackElo "2250"]
[WhiteTeam "USA"]
[BlackTeam "POL"]
[WhiteClock "0:00:03"]
[BlackClock "0:00:02"]

1. d4 Nf6 2. c4 e6 3. Nf3 Bb4+ 4. Bd2 Qe7 5. Nc3 Bxc3 6. Bxc3 Ne4 7. Rc1 Nxc3 8. Rxc3 O-O 9. g3 d5 10. Bg2 Rd8 11. O-O c6 12. Qc2 Nd7 13. e4 dxc4 14. Rxc4 e5 15. d5 Nb6 16. Rc5 cxd5 17. exd5 Rxd5 18. Ng5 Qxc5 19. Qxh7+ Kf8 20. Qh8+ Ke7 21. Qxg7 Be6 22. Ne4 Qc2 23. Qg5+ Kf8 24. Qh6+ Ke7 25. Qh4+ Kf8 26. Ng5 Qg6 27. Be4 Qg7 28. Nh7+ Ke8 29. Nf6+ Kf8 30. Bxd5 Nxd5 31. Nxd5 Bxd5 32. Rd1 Be6 33. Rd8+ Rxd8 34. Qxd8# 1-0

[Event "November 21 Late 2023"]
[Site "https://www.chess.com"]
[Date "2023.11.21"]
[Round "8"]
[White "Wadsworth, Matthew J"]
[Black "Ghasi, Ameet K"]
[Result "0-1"]
[Board "31"]
[TimeControl "180+1"]
[WhiteFideId "415804"]
[BlackFideId "409200"]
[WhiteElo "2266"]
[BlackElo "2558"]
[WhiteTeam "ENG"]
[BlackTeam "ENG"]
[WhiteClock "0:00:46"]
[BlackClock "0:01:56"]

1. e4 g6 2. d4 Bg7 3. Nc3 d6 4. Be3 a6 5. h4 h5 6. Qd2 b5 7. O-O-O Nf6 8. f3 c6 9. Nh3 Bxh3 10. Rxh3 Nbd7 11. Be2 Qa5 12. a3 Rb8 13. g4 hxg4 14. fxg4 b4 15. Na2 Nxe4 16. Qd3 d5 17. Nxb4 Rxb4 18. h5 Ndc5 0-1

[Event "November 21 Late 2023"]
[Site "https://www.chess.com"]
[Date "2023.11.21"]
[Round "8"]
[White "BardArtem"]
[Black "Sturt, Raven"]
[Result "0-1"]
[Board "32"]
[TimeControl "180+1"]
[BlackFideId "2007304"]
[WhiteElo "2784"]
[BlackElo "2408"]
[BlackTeam "USA"]
[WhiteClock "0:00:01"]
[BlackClock "0:00:01"]

1. e4 e5 2. d4 exd4 3. Qxd4 Nc6 4. Qd3 Nf6 5. Nc3 Bb4 6. Bd2 d5 7. Nxd5 Bxd2+ 8. Kxd2 O-O 9. Re1 Ne5 10. Qc3 Nxd5 11. exd5 Qxd5+ 12. Kc1 Ng4 13. Bc4 Qg5+ 14. Kb1 Nxf2 15. Nf3 Qh5 16. Rhf1 Ng4 17. h3 Nh6 18. Re5 Bf5 19. g4 Qxh3 20. gxf5 Nxf5 21. Rg1 g6 22. Ng5 Qxc3 23. bxc3 Nd6 24. Bb3 Rfe8 25. Rd5 Re3 26. c4 h6 27. c5 Nb5 28. Rd7 hxg5 29. Bxf7+ Kf8 30. Rf1 Nc3+ 31. Ka1 g4 32. Bxg6+ Rf3 33. Rh1 Rh3 34. Rf1+ Rf3 35. Rxf3+ gxf3 36. Rf7+ Kg8 37. Rxf3 Na4 38. c6 Rd8 39. Rf1 bxc6 40. Bf7+ Kg7 41. Bb3 Nb6 42. Rf7+ Kg6 43. Rxc7 Rd6 44. Rxa7 c5 45. a3 c4 46. Ba2 Kf5 47. Ra6 c3 48. Bb1 Ke4 49. Ra5 Nc4 50. Ra4 Rd4 51. Ka2 Nd2 52. Ra8 Rd6 53. Re8+ Kd4 54. Rh8 Rb6 55. Rh1 Rb2+ 56. Ka1 Kc5 57. Rh5+ Kd4 58. Rh4+ Ne4 59. Rh8 Ke3 60. Re8 Kf4 61. a4 Rb4 62. Ra8 Nc5 63. Ka2 Ke3 64. a5 Ra4# 0-1

[Event "November 21 Late 2023"]
[Site "https://www.chess.com"]
[Date "2023.11.21"]
[Round "8"]
[White "Skvortsov, Andrei"]
[Black "Ambartsumova, Karina"]
[Result "1-0"]
[Board "33"]
[TimeControl "180+1"]
[WhiteFideId "24108600"]
[BlackFideId "4166299"]
[WhiteElo "2357"]
[BlackElo "2240"]
[WhiteTeam "MNE"]
[BlackTeam "RUS"]
[WhiteClock "0:00:07"]
[BlackClock "0:00:00"]

1. e4 e5 2. Nf3 Nc6 3. Nc3 Nf6 4. d4 exd4 5. Nxd4 Bb4 6. Nxc6 bxc6 7. Bd3 O-O 8. O-O d5 9. exd5 cxd5 10. h3 c6 11. Qf3 Rb8 12. Bf4 Bd6 13. b3 Qc7 14. Bg5 Be5 15. Bd2 Re8 16. Rae1 Bd7 17. Na4 c5 18. Rxe5 Rxe5 19. Bf4 Rbe8 20. Nc3 Bc6 21. Qg3 Nh5 22. Bxe5 Qxe5 23. Qh4 Nf6 24. Qg3 Qxg3 25. fxg3 d4 26. Nb5 Bxb5 27. Bxb5 Re3 28. g4 h6 29. Rf5 Rc3 30. Bc4 Rxc2 31. Rxc5 Rxa2 32. Rc7 Ne4 33. Rc8+ Kh7 34. Bd3 f5 35. gxf5 Ra1+ 36. Kh2 Nf6 37. Rd8 Ra3 38. Bc4 Ra2 39. Rxd4 a5 40. Kg3 Rb2 41. Kf3 Rb1 42. g4 Ra1 43. Bf7 h5 44. g5 Rf1+ 45. Kg2 Rxf5 46. gxf6 Rxf6 47. Bxh5 Kh6 48. Bg4 Rb6 49. Rd3 Rb4 50. Re3 a4 51. bxa4 Rxa4 52. Re6+ Kh7 53. Re5 Kh6 54. Kg3 Ra3+ 55. Kh4 Ra6 56. Rh5+ Kg6 57. Rg5+ Kh6 58. Rb5 Rd6 59. Kg3 Kh7 60. Kf4 Rf6+ 61. Ke5 Rf8 62. Bf5+ Kh6 63. Rb6+ Kg5 64. Rg6+ Kh4 65. Rxg7 Re8+ 66. Kf6 Rf8+ 67. Rf7 Rh8 68. Kg7 Rh5 69. Bg4 Rg5+ 70. Kh6 Ra5 71. Rf5 Ra6+ 72. Kg7 Ra7+ 73. Kf6 Ra6+ 74. Kf7 Ra7+ 75. Ke8 Ra8+ 76. Kd7 Ra7+ 77. Kc6 Ra6+ 78. Kb5 Rh6 79. Kc4 Rc6+ 80. Kd4 Rh6 81. Rf7 Rh8 82. Ke4 Kg5 83. Rf5+ Kh4 84. Kf3 Rh6 85. Kg2 Rh8 86. Rf4 Kg5 87. Re4 Rb8 88. Bf3 Rh8 89. Kg3 Kf5 90. Rf4+ Ke5 91. h4 Rg8+ 92. Bg4 Rh8 93. h5 Rh6 94. Rf5+ Ke4 95. Kh4 Rh8 96. Rf6 Ke5 97. Kg5 Rg8+ 98. Rg6 Rh8 99. h6 Ke4 100. Rg7 Ke5 101. Bf5 Kd6 102. h7 Ke5 103. Rg8 1-0

[Event "November 21 Late 2023"]
[Site "https://www.chess.com"]
[Date "2023.11.21"]
[Round "8"]
[White "Erdogan, Anil Berk"]
[Black "Hambleton, Aman"]
[Result "1-0"]
[Board "34"]
[TimeControl "180+1"]
[WhiteFideId "6348173"]
[BlackFideId "2606577"]
[WhiteElo "2007"]
[BlackElo "2511"]
[WhiteTeam "TUR"]
[BlackTeam "CAN"]
[WhiteClock "0:00:53"]
[BlackClock "0:00:00"]

1. e4 c5 2. Nf3 e6 3. d4 cxd4 4. Nxd4 Nc6 5. Nc3 Qc7 6. Nb3 a6 7. g3 b5 8. a3 Bb7 9. Bg2 Rc8 10. O-O Nf6 11. f4 d6 12. Be3 h5 13. h3 Be7 14. Qe2 Na5 15. Nxa5 Qxa5 16. Rad1 Rxc3 17. bxc3 Nxe4 18. Qd3 f5 19. Bd4 Bd5 20. Rfe1 Bc4 21. Qe3 d5 22. Bxe4 fxe4 23. Bxg7 Rg8 24. Qd4 Qxa3 25. Qe5 Kf7 26. Bh6 Rxg3+ 27. Kh2 Rg6 28. Rg1 Bd6 29. Qxh5 1-0

[Event "November 21 Late 2023"]
[Site "https://www.chess.com"]
[Date "2023.11.21"]
[Round "8"]
[White "elmusmolamas"]
[Black "Schnaider, Ilan"]
[Result "0-1"]
[Board "35"]
[TimeControl "180+1"]
[BlackFideId "169013"]
[WhiteElo "2589"]
[BlackElo "2373"]
[BlackTeam "ARG"]
[WhiteClock "0:00:13"]
[BlackClock "0:00:36"]

1. e4 c5 2. Nf3 Nc6 3. g3 g6 4. d4 cxd4 5. Nxd4 Bg7 6. Ne2 d6 7. Bg2 Nf6 8. O-O O-O 9. Nbc3 e5 10. h3 h6 11. Nb5 Ne8 12. c4 Be6 13. Nbc3 Bxc4 14. Nd5 Nd4 15. Nxd4 Bxf1 16. Bxf1 exd4 17. Bc4 Nf6 18. Qd3 Nxd5 19. Bxd5 Qb6 20. b3 Rac8 21. Bb2 Kh7 22. Rd1 a5 23. h4 h5 24. f3 a4 25. g4 a3 26. Ba1 Be5 27. Kh1 Qd8 28. g5 Qd7 29. Kg2 f5 30. exf5 Qxf5 31. Be4 Qe6 32. Bxd4 Bxd4 33. Qxd4 Rcd8 34. Qb4 d5 35. Rxd5 Rxd5 36. Qxf8 Rd2+ 37. Kg1 Qb6+ 38. Kh1 Rd1+ 39. Kh2 Qf2+ 40. Kh3 Rh1# 0-1

[Event "November 21 Late 2023"]
[Site "https://www.chess.com"]
[Date "2023.11.21"]
[Round "8"]
[White "Jakubowski, Krzysztof"]
[Black "GatoRojo150"]
[Result "1-0"]
[Board "36"]
[TimeControl "180+1"]
[WhiteFideId "1112848"]
[WhiteElo "2369"]
[BlackElo "2586"]
[WhiteTeam "POL"]
[WhiteClock "0:00:30"]
[BlackClock "0:00:28"]

1. e4 e5 2. Nf3 Nc6 3. Bc4 Nf6 4. Ng5 d5 5. exd5 Na5 6. Bb5+ c6 7. dxc6 bxc6 8. Bd3 Ng4 9. Nh3 Bd6 10. Nc3 f5 11. Be2 O-O 12. d4 e4 13. g3 Nf6 14. Bf4 Rb8 15. Rb1 Be6 16. O-O Nc4 17. b3 Nb6 18. Qd2 Nbd5 19. Nxd5 Nxd5 20. Bxd6 Qxd6 21. c4 f4 22. Ng5 e3 23. fxe3 Nxe3 24. Rxf4 Rxf4 25. Qxe3 Rf6 26. Ne4 Qe7 27. Nxf6+ Qxf6 28. Rf1 Qg6 29. Bd3 Qe8 30. Re1 Bf7 31. Bxh7+ Kxh7 32. Qd3+ Bg6 33. Rxe8 Rxe8 34. Qd2 Re4 35. d5 cxd5 36. cxd5 Rd4 37. Qxd4 1-0

[Event "November 21 Late 2023"]
[Site "https://www.chess.com"]
[Date "2023.11.21"]
[Round "8"]
[White "Gubajdullin, Alexei"]
[Black "Erzhanov, Arman"]
[Result "1-0"]
[Board "37"]
[TimeControl "180+1"]
[WhiteFideId "4141202"]
[BlackFideId "4138821"]
[WhiteElo "2280"]
[BlackElo "2171"]
[WhiteTeam "RUS"]
[BlackTeam "KAZ"]
[WhiteClock "0:00:26"]
[BlackClock "0:00:02"]

1. d4 d6 2. Nf3 Bg4 3. Bf4 Nd7 4. Nbd2 Ngf6 5. h3 Bh5 6. c3 h6 7. Qb3 Qc8 8. e4 e6 9. e5 dxe5 10. Nxe5 Nxe5 11. Bxe5 Nd7 12. Bg3 Bg6 13. a4 c6 14. a5 a6 15. Nc4 Nf6 16. Nd6+ Bxd6 17. Bxd6 Qd7 18. Bb4 Qd5 19. Qd1 Qe4+ 20. Be2 Nd5 21. Bd6 O-O-O 22. Bg3 Nf4 23. Bxf4 Qxf4 24. O-O e5 25. Ra4 exd4 26. cxd4 Be4 27. Qb3 Qd2 28. Rb4 Bc2 29. Bg4+ f5 30. Bxf5+ Bxf5 31. Rxb7 Qf4 32. Qb6 Be4 33. Qa7 Rd7 34. Qa8+ Qb8 35. Qxb8# 1-0

[Event "November 21 Late 2023"]
[Site "https://www.chess.com"]
[Date "2023.11.21"]
[Round "8"]
[White "VitaliyChayka"]
[Black "Fiorito, Francisco"]
[Result "0-1"]
[Board "38"]
[TimeControl "180+1"]
[BlackFideId "180165"]
[WhiteElo "2457"]
[BlackElo "2318"]
[BlackTeam "ARG"]
[WhiteClock "0:00:00"]
[BlackClock "0:00:14"]

1. d4 Nf6 2. Bf4 g6 3. e3 d6 4. h3 Bg7 5. Nf3 O-O 6. Be2 b6 7. O-O Bb7 8. a4 a6 9. Nbd2 Nbd7 10. Bh2 Qe8 11. c3 e5 12. Qb3 Qe7 13. Qa3 Ne4 14. Nxe4 Bxe4 15. Nd2 Bb7 16. Bf3 e4 17. Be2 f5 18. a5 b5 19. c4 bxc4 20. Nxc4 Nf6 21. Rac1 Nd5 22. Nd2 Kh8 23. Rfe1 f4 24. Bf1 fxe3 25. fxe3 h5 26. Bc4 Nf6 27. Rf1 h4 28. Be2 Bh6 29. Bf4 g5 30. Bh2 Bg7 31. Rf5 Nd5 32. Rcf1 Rxf5 33. Rxf5 c5 34. Nc4 cxd4 35. Bxd6 Qe6 36. Rxg5 Nxe3 37. Nxe3 dxe3 38. Rh5+ Kg8 39. Rxh4 Rd8 40. Bc5 Rd2 41. Qxe3 Rxb2 42. Bg4 Rb1+ 43. Kh2 Qe5+ 44. Qg3 Qxc5 45. Be6+ Kf8 46. Rf4+ Ke7 47. Qxg7+ Kxe6 48. Qf7+ Ke5 49. Rf5+ Kd4 50. Qf6+ Kc4 51. Rxc5+ Kxc5 52. Qc3+ Kd6 53. Qd2+ Bd5 54. Qf4+ Kc5 55. Qc7+ Kd4 56. Qg7+ Kd3 57. Qd7 Rb5 58. Kg3 e3 59. Kf4 e2 60. Qf5+ Kd2 0-1

[Event "November 21 Late 2023"]
[Site "https://www.chess.com"]
[Date "2023.11.21"]
[Round "8"]
[White "Zampronha, Wladimir Camilo"]
[Black "Bjelobrk, Igor"]
[Result "0-1"]
[Board "39"]
[TimeControl "180+1"]
[WhiteFideId "2103087"]
[BlackFideId "4300726"]
[WhiteElo "2055"]
[BlackElo "2319"]
[WhiteTeam "BRA"]
[BlackTeam "AUS"]
[WhiteClock "0:00:38"]
[BlackClock "0:00:52"]

1. e4 e6 2. d4 d5 3. Nc3 Bb4 4. e5 b6 5. Nf3 Ne7 6. Be2 O-O 7. O-O Ba6 8. Nb1 Ng6 9. c3 Be7 10. Bxa6 Nxa6 11. Qe2 Nb8 12. a4 c5 13. Re1 Nc6 14. Be3 Na5 15. Nbd2 c4 16. Reb1 Rc8 17. Qd1 Rc7 18. Ne1 a6 19. Nc2 Qd7 20. g3 f6 21. f4 fxe5 22. fxe5 Rcc8 23. Qg4 Rf5 24. Rf1 Rcf8 25. Rxf5 Rxf5 26. Nb4 Bxb4 27. cxb4 Nc6 28. b5 axb5 29. axb5 Na5 30. h4 Qxb5 31. h5 Ne7 32. h6 g6 33. Qh4 Qe8 34. Rf1 Qf8 35. Rxf5 Nxf5 36. Qg5 Nc6 37. Nf3 Nxh6 38. Nh4 Nf7 39. Qf6 Qe7 40. Qf1 b5 41. Qa1 Kg7 42. Qa8 Nfd8 43. Nf3 h6 44. Qa6 b4 45. Bd2 Qb7 46. Qa4 Qb6 47. Kg2 Nf7 48. Qa8 Nxd4 49. Nxd4 Qxd4 50. Bxb4 Qxb2+ 0-1